Map: Одиссея РВ

Players

ИИ 1 (новичок) - Winner!

  • Race: Terran Terran
  • Spawn Location: 11:00

Doll

  • Race: Zerg Zerg
  • Spawn Location: 5:00

VOD

Have the link to the VOD?

Description

Time

  • Played on: Oct. 10, 2022, 7:17 a.m.
  • Length: 10:26
Show
View Real Time Build Order
Export as new Build Order

ИИ 1 (новичок) Terran - Winner!

Build Orders: Reaper Expand 

Get SALT Encoding   

  12  0:00  SCV  
  13  0:13  SCV  
  14  0:18  Supply Depot  
  14  0:43  Barracks  
  14  1:05  Command Center  
  14  1:32  Orbital Command, Supply Depot  
  14  1:33  Marine  
  14  1:38  Refinery  
  15  1:48  Refinery  
  15  1:58  SCV  
  16  2:10  SCV  
  17  2:17  SCV, Reaper  
  19  2:24  SCV  
  20  2:31  SCV  
  21  2:38  SCV  
  22  2:46  SCV  
  22  2:47  Refinery  
  23  2:53  SCV  
  23  2:57  Marine  
  25  3:00  SCV  
  26  3:07  SCV  
  27  3:14  SCV, Factory  
  28  3:37  Marine  
  28  3:40  Refinery, SCV  
  30  3:47  SCV  
  31  3:54  SCV  
  32  3:57  Supply Depot  
  32  3:59  Starport  
  32  4:01  SCV  
  33  4:09  SCV  
  34  4:16  SCV  
  35  4:17  Reaper  
  35  4:23  SCV  
  37  4:30  SCV  
  38  4:37  Starport Tech Lab  
  38  4:38  SCV  
  39  4:42  Supply Depot  
  39  4:45  SCV  
  40  4:50  Barracks Tech Lab  
  40  4:52  SCV  
  41  4:57  Raven  
  41  4:59  SCV  
  44  5:06  SCV  
  45  5:08  Marine  
  45  5:13  SCV  
  47  5:21  SCV  
  48  5:40  Raven  
  50  5:48  Marine  
  51  6:28  Marauder  
  53  8:14  Reaper  
  45  8:25  SCV  
  45  8:26  Supply Depot  
  31  8:40  SCV  
  29  8:43  Viking  
  31  8:52  SCV  
  31  9:04  SCV  
  31  9:08  Command Center  
  32  9:12  Hellion  
  32  9:13  Raven  
  32  9:16  Refinery, SCV  
  33  9:27  Refinery  
  33  9:28  SCV  
  34  9:40  SCV  
  35  9:52  Marine, SCV  
  39  10:04  SCV  
  38  10:20  Supply Depot  
Show
View Real Time Build Order
Export as new Build Order

Doll Zerg 

Build Orders: Hatch First 

Get SALT Encoding   

  12  0:02  Drone  
  13  0:12  Overlord  
  13  0:17  Drone  
  14  0:30  Drone x2  
  14  0:34  Drone  
  17  0:45  Drone  
  18  0:59  Hatchery  
  18  1:01  Extractor  
  18  1:02  Drone  
  17  1:07  Drone  
  18  1:17  Drone  
  19  1:26  Spawning Pool  
  19  1:28  Drone  
  19  1:39  Drone  
  20  1:49  Overlord  
  20  2:00  Drone  
  21  2:13  Queen, Zergling x2  
  21  2:14  Queen  
  21  2:15  Zergling x2  
  27  2:17  Metabolic Boost  
  27  2:25  Zergling x2  
  27  2:26  Drone  
  29  2:33  Drone, Spine Crawler  
  29  2:37  Drone  
  30  2:56  Zergling x2  
  30  2:57  Hatchery  
  30  2:58  Drone  
  31  3:00  Drone  
  31  3:02  Drone  
  33  3:08  Drone x2  
  35  3:15  Overlord  
  35  3:22  Overlord  
  35  3:30  Spore Crawler  
  35  3:32  Spore Crawler  
  35  3:33  Drone  
  35  3:34  Drone x2  
  35  3:37  Drone  
  35  3:38  Drone  
  38  3:42  Drone  
  38  3:43  Drone  
  38  3:46  Drone  
  41  3:55  Zergling x4  
  43  3:59  Spine Crawler  
  43  4:00  Drone  
  43  4:03  Overlord  
  43  4:08  Lair  
  43  4:13  Queen  
  43  4:15  Zergling x2  
  46  4:17  Zergling x2  
  46  4:18  Drone  
  46  4:20  Drone  
  46  4:22  Drone  
  46  4:24  Drone  
  51  4:26  Drone  
  51  4:27  Drone  
  53  4:36  Roach Warren  
  53  4:37  Drone, Extractor  
  53  4:38  Drone  
  53  4:39  Drone  
  53  4:41  Drone  
  53  4:45  Zergling x4  
  56  4:46  Zergling x2  
  56  4:48  Zergling x2  
  56  4:50  Zergling x2  
  60  5:00  Drone x3  
  60  5:01  Drone x3  
  60  5:02  Overlord  
  66  5:09  Baneling Nest  
  66  5:11  Pneumatized Carapace  
  65  5:14  Overlord  
  65  5:15  Glial Reconstitution  
  65  5:23  Hydralisk Den  
  65  5:24  Extractor  
  65  5:25  Drone, Extractor  
  65  5:26  Drone x3  
  65  5:28  Drone  
  67  5:29  Drone  
  67  5:31  Drone  
  67  5:32  Drone  
  67  5:34  Drone  
  71  5:36  Drone  
  71  5:39  Overseer  
  71  5:41  Overseer  
  72  5:43  Roach x2  
  72  5:45  Roach  
  72  5:49  Roach  
  80  5:50  Overlord  
  80  5:53  Overlord  
  80  6:04  Drone x2, Infestation Pit  
  79  6:05  Drone  
  79  6:10  Roach x4  
  90  6:12  Overlord  
  90  6:14  Hydralisk  
  90  6:16  Hydralisk  
  94  6:19  Hydralisk  
  94  6:22  Hydralisk  
  98  6:26  Overlord  
  98  6:31  Drone x4  
  98  6:32  Drone  
  103  6:35  Overlord  
  103  6:40  Hive  
  103  6:41  Hydralisk  
  103  6:46  Extractor  
  104  6:49  Extractor  
  104  6:50  Drone x4  
  104  6:51  Drone x2  
  104  6:53  Roach  
  111  6:58  Hydralisk  
  113  7:07  Hydralisk x2  
  117  7:10  Drone x2, Hatchery  
  117  7:11  Drone  
  117  7:12  Drone  
  120  7:19  Hydralisk  
  120  7:20  Overlord  
  122  7:25  Evolution Chamber  
  121  7:31  Drone, Evolution Chamber  
  121  7:32  Drone  
  121  7:34  Spire  
  121  7:35  Overlord  
  122  7:37  Drone  
  122  7:39  Hydralisk  
  122  7:41  Hydralisk  
  122  7:43  Hydralisk  
  126  7:48  Roach, Overlord  
  126  7:51  Zerg Melee Weapons Level 1  
  130  7:54  Adrenal Glands  
  130  7:56  Roach  
  132  8:10  Drone  
  132  8:11  Drone x6  
  132  8:12  Drone  
  137  8:30  Zerg Ground Armor Level 1  
Tags
 
Add a new tag
Caveats
  • Supply blocks, unpowered buildings, or Contaminate may cause inaccurate times.
  • Supply counts are checked every 10 seconds.